 Dungeon Crawl Stone Soup version 0.26.1-2-gb8aa6d0cf2 (webtiles) character file.

Game seed: 13022188077361032165

29 Gadfly the Skirmisher (level 3, 29/29 HPs)
             Began as a Demonspawn Monk on Feb 10, 2021.
             Quit the game on level 1 of the Dungeon.
             The game lasted 00:01:23 (962 turns).

Gadfly the Skirmisher (Demonspawn Monk)              Turns: 962, Time: 00:01:24

Health: 29/29      AC:  3    Str: 12    XL:     3   Next: 1%
Magic:  4/4        EV: 13    Int: 11    God:
Gold:   39         SH:  0    Dex: 15    Spells: 2/2 levels left

rFire    . . .     SeeInvis .   a - +0 hand axe
rCold    . . .     Faith    .   (no shield)
rNeg     . . .     Spirit   .   b - +1 robe
rPois    .         Reflect  .   (no helmet)
rElec    .         Harm     .   (no cloak)
rCorr    .         Rampage  .   (no gloves)
Will     .....                  (no boots)
Stlth    ++........             (no amulet)
HPRegen  0.09/turn              (no ring)
MPRegen  0.09/turn              (no ring)

@: no status effects
A: claws 1, powered by death 1
a: no special abilities


You were on level 1 of the Dungeon.
You visited 1 branch of the dungeon, and saw 1 of its levels.

You collected 39 gold pieces.

Inventory:

Hand Weapons
 a - a +0 hand axe (weapon)
Armour
 b - a +1 robe (worn)
Scrolls
 c - a scroll of enchant armour
 d - a scroll of identify
 e - a scroll of fear


   Skills:
 - Level 3.0 Fighting
 + Level 2.8 Axes
 * Level 1.1 Armour
 - Level 2.6 Dodging
 - Level 1.7 Stealth
 * Level 1.6 Invocations
 * Level 1.3 Evocations


You had 2 spell levels left.
You didn't know any spells.
Your spell library was empty.

Dungeon Overview and Level Annotations

Branches:
Dungeon (1/15)

Altars:


Innate Abilities, Weirdness & Mutations

You have sharp fingernails.
You regenerate a little health from kills.


Message History

No target in view!
No target in view!
A goblin comes into view. It is wielding a +0 dagger.
A goblin is nearby!
A goblin is nearby!
The helpless goblin fails to defend itself.
You slash the goblin!
You kill the goblin!
You have reached level 3!
Your experience leads to an increase in your attributes!
Increase (S)trength, (I)ntelligence, or (D)exterity?
You feel stronger.
You feel monstrous as your demonic heritage exerts itself.
Your demonic ancestry asserts itself...
Your fingernails lengthen.
Are you sure you want to abandon this character and quit the game? (Confirm with "yes".)
Okay, then.
Search for what [Enter for "armor", or ? for help]?
Okay, then.
Are you sure you want to abandon this character and quit the game? (Confirm with "yes".)

.##..8.<.8..##.......#.#.........
.###...8...###.......#.#..)......
.# ######### #.......#.#.......##
## ##......#.##...##...
########### ###...........#####
..........##### ##...#.##.#.#####
#########.....####........#......
#......#).........#......
#......#@# . ##.#........
#......#.# ........... #......#.#
##..... #........# .......
#......### ....... #......#
....... #......# ....... ....
#.#+#### #..... .....#.#.# ......


There were no monsters in sight!

Vanquished Creatures
  A leopard gecko (D:1)
  2 bats (D:1)
  2 giant cockroaches (D:1)
  4 hobgoblins (D:1)
  4 jackals (D:1)
  2 kobolds (D:1)
  4 goblins (D:1)
  4 rats (D:1)
23 creatures vanquished.

Notes
Turn   | Place    | Note
-------+----------+-------------------------------------------
     0 | D:1      | Gadfly the Demonspawn Monk began the quest for the Orb.
     0 | D:1      | Reached XP level 1. HP: 18/18 MP: 1/1
   166 | D:1      | Reached skill level 1 in Invocations
   294 | D:1      | Gained mutation: You regenerate a little health from kills.
                  | [demonic ancestry]
   294 | D:1      | Reached XP level 2. HP: 24/24 MP: 2/2
   336 | D:1      | Reached skill level 1 in Evocations
   684 | D:1      | Reached skill level 1 in Armour
   962 | D:1      | Gained mutation: You have sharp fingernails. [demonic
                  | ancestry]
   962 | D:1      | Reached XP level 3. HP: 29/29 MP: 4/4
   962 | D:1      | Quit the game

Illustrated notes

Levels and vault maps discovered:
D:1:      erik_arrival_orb_chamber, layout_basic

Skill      XL: |  1  2 |
---------------+-------+-----
Invocations    | 1 |  1.6
Evocations     | 1 |  1.3
Armour         | 1 |  1.1
Fighting       | |  3.0
Axes           | |  2.8
Dodging        | |  2.6
Stealth        | |  1.7

Action                   || total
-------------------------++-------
Melee: Hand axe          ||    63
  Use: Scroll            ||     2
 Stab: Sleeping          ||     3
Armor: Robe              ||    14
Dodge: Dodged            ||    46
